 Dungeon Crawl Stone Soup version 0.17.1-3-g152610e (webtiles) character file.

76 namelastname112 the Ducker (level 4, -1/21 HPs)
             Began as a Felid Berserker on Apr 16, 2016.
             Slain by a black bear (4 damage)
             ... created by the rage of Trog
             ... on level 3 of the Dungeon.
             The game lasted 00:02:56 (1919 turns).

namelastname112 the Ducker (Felid Berserker)        Turns: 1919, Time: 00:02:56

Health: -1/21      AC:  1    Str: 13    XL:     4   Next: 12%
Magic:  5/5        EV: 19    Int:  8    God:
Gold:   88         SH:  0    Dex: 16    Spells: 0 memorised, 3 levels left
                                        Lives:  0   Deaths: 1

rFire  . . .     SeeInvis +       - Unarmed
rCold  . . .     Clarity  +     (armour unavailable)
rNeg   . . .     SustAt   .     (shield unavailable)
rPois  .         Gourm    .     (helmet unavailable)
rElec  .         Spirit   .     (cloak unavailable)
rCorr  .         Warding  .     (gloves unavailable)
rMut   .         Stasis   .     (boots unavailable)
MR     .....                    i - amulet of clarity
Stlth  +++.......               (no ring)
                                (no ring)

@: slowed, slow, not resistant to hostile enchantments, fairly stealthy
A: no armour, no weapons or thrown items, claws 1, fangs 3, see invisible,
carnivore 3, speed 1, shaggy fur 1, slow metabolism 1, sharp paws
a: no special abilities


You were on level 3 of the Dungeon.
You were completely stuffed.

You visited 1 branch of the dungeon, and saw 3 of its levels.

You collected 88 gold pieces.

Inventory:

Jewellery
 i - an amulet of clarity (around neck)
Scrolls
 b - a scroll of remove curse {unknown}
 d - 3 scrolls of identify {unknown}
 e - 2 scrolls of amnesia {unknown}
 h - a scroll of teleportation {unknown}
Potions
 c - 2 potions of curing {unknown}
 f - a potion of poison {unknown}
 g - a potion of lignification {unknown}
Comestibles
 a - 2 meat rations
 j - a chunk of flesh


   Skills:
 + Level 3.5 Fighting
 + Level 4.5 Dodging
 + Level 3.1 Stealth
 * Level 4.3 Unarmed Combat


You had 3 spell levels left.
You didn't know any spells.

Dungeon Overview and Level Annotations

Branches:
Dungeon (3/15)

Altars:
Kikubaaqudgha


Innate Abilities, Weirdness & Mutations

You cannot wear armour.
You are incapable of wielding weapons or throwing items.
You have sharp claws.
You have razor-sharp teeth.
You have supernaturally acute eyesight.
You are carnivorous and can eat meat at any time.
You cover ground quickly.
You are covered in fur (AC +1).
You have a slow metabolism.
Your sharp claws are effective at attacking unaware monsters.


Message History

You see here a hound corpse.
You butcher the hound corpse.
j - a chunk of flesh You start resting.
Trog sends monsters to punish you.
The divine experience drains your vigour!
You feel yourself slow down. 3 polar bears and 2 black bears come into view.
You regained 6 hp, and now have 17/21 hp.
You scratch the polar bear.
The polar bear is lightly wounded.
The black bear completely misses you. The black bear barely misses you.
The black bear claws you.
The polar bear rages. x3
You take 3 damage, and have 14/21 hp.
The polar bear closely misses you. The polar bear completely misses you.
The polar bear claws you. The black bear bites you.
* * * LOW HITPOINT WARNING * * *
The black bear claws you.
You die...

.....#..#####..#
...............###.
.....#......#...... #
...............### .#
###.#...###.##.# .# #
#.#...###)##.## ..# #
#.#...........##..#
###.#.........hh....#
.............hh.@...#
....#..#######.h##.##
#.###..# #..# #
....#..# #..#
######.# #..# # ..#
#..# # ..#######..#
.. ...........# ..#
#.########.##


You could see 3 polar bears and 2 black bears.

Vanquished Creatures
  A hound (D:3)
  5 adders (D:2)
  A worm (D:2)
  2 giant geckos
  6 bats
  A giant cockroach (D:1)
  8 hobgoblins
  10 kobolds
  A quokka (D:2)
  4 goblins (D:1)
  5 rats
44 creatures vanquished.

Notes
Turn   | Place    | Note
--------------------------------------------------------------
     0 | D:1      | namelastname112 the Felid Berserker began the quest for the Orb.
     0 | D:1      | Reached XP level 1. HP: 10/10 MP: 2/2
     0 | D:1      | Fell from the grace of Trog
   327 | D:1      | Reached XP level 2. HP: 11/14 MP: 3/3
   329 | D:1      | Reached skill level 1 in Stealth
   757 | D:2      | Reached XP level 3. HP: 14/17 MP: 4/4
   903 | D:2      | Found an ancient bone altar of Kikubaaqudgha.
  1197 | D:2      | Reached XP level 4. HP: 21/21 MP: 5/5
  1593 | D:3      | Slain by a hound
  1594 | D:3      | Reached XP level 3. HP: -1/17 MP: 4/4
  1834 | D:3      | Reached XP level 4. HP: 11/21 MP: 5/5
  1917 | D:3      | Noticed a black bear
  1917 | D:3      | Noticed a polar bear
  1917 | D:3      | Noticed a polar bear
  1917 | D:3      | Noticed a polar bear
  1917 | D:3      | Noticed a black bear
  1919 | D:3      | Slain by a black bear

Action                   |  1- 3 |  4- 6 || total
-------------------------+-------+-------++-------
Melee: Unarmed           |   108 |    32 ||   140
Invok: Renounce Religion |     1 |       ||     1
 Stab: Sleeping          |     9 |     2 ||    11
  Eat: Chunk             |    12 |       ||    12
